 Dungeon Crawl Stone Soup version 0.29.1-1-gd02db6906a (webtiles) character file.

Game seed: 7358550328592429836

1469 LustLizard the Slasher (level 8, -1/62 HPs)
             Began as a Demonspawn Fighter on Oct 22, 2022.
             Slain by Edmund
             ... wielding a +2 dire flail of venom
              (8 damage)
             ... on level 6 of the Dungeon.
             The game lasted 00:07:19 (6602 turns).

LustLizard the Slasher (Demonspawn Fighter)         Turns: 6602, Time: 00:07:20

Health: -1/62      AC: 12    Str: 16    XL:     8   Next: 49%
Magic:  8/8        EV:  8    Int: 11    God:
Gold:   248        SH:  4    Dex: 14    Spells: 5/7 levels left

rFire   . . .      SeeInvis .   r - +6 war axe of the Burning Scorpion {speed, rC+ rN+}
rCold   + . .      Faith    .   c - +0 buckler
rNeg    + . .      Spirit   .   b - +0 scale mail
rPois   .          Reflect  .   (no helmet)
rElec   .          Harm     .   (no cloak)
rCorr   .          Rampage  .   (gloves unavailable)
Will    .....                   (no boots)
Stlth   ..........              (no amulet)
HPRegen 0.20/turn               (no ring)
MPRegen 0.11/turn               (no ring)

@: mighty, lethally poisoned (-1 -> -30), sanguine armoured
A: claws 3, demonic guardian 1, ignite blood 1, sanguine armour 1
a: no special abilities


You were on level 6 of the Dungeon.
You visited 1 branch of the dungeon, and saw 6 of its levels.

You collected 248 gold pieces.

Inventory:

Hand Weapons
 a - a +0 long sword
 r - the +6 war axe of the Burning Scorpion (weapon) {speed, rC+ rN+}
   (You found it on level 3 of the Dungeon)

   Attacks with this weapon are significantly faster.
   rC:        It protects you from cold.
   rN:        It protects you from negative energy.
Missiles
 f - 3 javelins
 g - 59 stones (quivered)
 u - 13 boomerangs
Armour
 b - a +0 scale mail (worn)
 c - a +0 buckler (worn)
 v - a +1 pair of gloves
Jewellery
 k - a ring of fire
Wands
 w - a wand of iceblast (7)
Scrolls
 e - 5 scrolls of poison
 h - a scroll of enchant weapon {unknown}
 j - a scroll of blinking {unknown}
 l - a scroll of brand weapon {unknown}
 n - a scroll of fog {unknown}
 o - 3 scrolls of teleportation
 p - 4 scrolls of enchant armour
 q - 2 scrolls of noise {unknown}
 s - 2 scrolls of vulnerability {unknown}
 t - a scroll of fear
 y - 2 scrolls of summoning {unknown}
Potions
 d - a potion of might
 m - 2 potions of degeneration
 x - a potion of magic
 A - a potion of brilliance
 C - a potion of attraction {unknown}


   Skills:
 + Level 5.1 Fighting
 * Level 5.7 Long Blades
 * Level 5.4 Throwing
 - Level 2.6 Armour
 - Level 2.6 Shields
 - Level 4.0 Translocations


You had 5 spell levels left.
You knew the following spells:

 Your Spells              Type           Power      Damage    Failure   Level
a - Blink                 Tloc           16%        N/A       45%         2

Your spell library contained the following spells:

 Spells                   Type           Power      Damage    Failure   Level
 Frozen Ramparts          Ice            0%         1d1       99%         3
 Ice Form                 Ice/Tmut       0%         N/A       100%        4
 Summon Ice Beast         Ice/Summ       0%         N/A       100%        4
 Manifold Assault         Tloc           8%         N/A       100%        5
 Storm Form               Tmut/Air       0%         N/A       100%        7


Dungeon Overview and Level Annotations

Branches:
Dungeon (6/15)
 Temple: D:4-7

Altars:
Dithmenos
Qazlal
Trog

Annotations:
D:6 Edmund


Innate Abilities, Weirdness & Mutations

You have claws for hands.
A weak demonic guardian rushes to your aid.
Your demonic aura sometimes causes spilled blood to erupt in flames.
When seriously injured, your blood forms armour. (AC +6)


Message History

Edmund closely misses your white imp.
Edmund hits your white imp with a +2 dire flail of venom.
Your white imp is poisoned.
Your white imp gestures at Edmund.
The puff of frost hits Edmund.
Sorry, you're not good enough to have a special ability.
You are confused.
You feel invigorated.
* * * LOW HITPOINT WARNING * * *
You feel very sick.
Edmund hits your white imp with a +2 dire flail of venom!
Your white imp dies!
Your white imp disappears in a puff of smoke!
* * * LOW HITPOINT WARNING * * *
You feel very sick.
You feel much better.
You feel very sick. Edmund barely misses you.
You bump into the rock wall.
You feel very sick.
Edmund hits you with a +2 dire flail of venom.
You are more poisoned.
Edmund hits you but does no damage.
You are lethally poisoned!
You bump into the rock wall.
You feel extremely sick.
Edmund hits you with a +2 dire flail of venom!
You are more poisoned.
You closely miss Edmund.
Edmund is moderately wounded.
You feel less invigorated.
You feel less confused.
* * * LOW HITPOINT WARNING * * *
You feel extremely sick. You block Edmund's attack. x2
You feel very mighty all of a sudden.
* * * LOW HITPOINT WARNING * * *
You feel extremely sick.
Edmund hits you with a +2 dire flail of venom!
You die...

#.##.##.#.###.......
#.##.##.#.###..##...
#.##..............#.
#.#####.#.###.....#. ....
#.# #.#.### ....#. .#.##.#
#.# #..... .# ## .#.##.#
#.# #...## #. .#.##.#
#.#####...# # #. .#.##.#
#..@@.....# #.#. .#.##.#
#####.....# #... .#.##.#
#.....# #### .#.##.###
......# # ...##...#
#......##.# ...####.#
#......##.#
...##...#########.###.###.#
......#........##.# #.#
#.#######
..#.#...######.##.# #.#
#.##.....


You could see Edmund (fast).

Vanquished Creatures
  A hornet (D:5)
  2 water moccasins (D:5)
  2 ice beasts (D:5)
  An ogre (D:6)
  A necrophage (D:5)
  3 scorpions
  3 hounds (D:5)
  2 jellies (D:5)
  An orc priest (D:5)
  2 iguanas
  2 orc wizards
  4 adders
  A worm (D:4)
  2 dart slugs
  15 orcs
  10 bats
  5 endoplasms
  3 giant cockroaches
  7 goblins
  4 hobgoblins
  8 kobolds
  2 quokkas
  6 ball pythons
  7 frilled lizards
  5 rats (D:1)
99 creatures vanquished.

Vanquished Creatures (collateral kills)
  A yak (D:5)
1 creature vanquished.

Grand Total: 100 creatures vanquished

Notes
Turn   | Place    | Note
-------+----------+-------------------------------------------
     0 | D:1      | LustLizard the Demonspawn Fighter began the quest for the
                  | Orb.
     0 | D:1      | Reached XP level 1. HP: 18/18 MP: 1/1
   164 | D:1      | Gained mutation: When seriously injured, your blood forms
                  | armour. (AC +6) [demonic ancestry]
   164 | D:1      | Reached XP level 2. HP: 24/24 MP: 2/2
   256 | D:1      | Reached skill level 1 in Throwing
   981 | D:1      | Gained mutation: Your demonic aura sometimes causes spilled
                  | blood to erupt in flames. [demonic ancestry]
   981 | D:1      | Reached XP level 3. HP: 29/29 MP: 3/3
  2180 | D:2      | Learned a level 2 spell: Blink
  2339 | D:2      | You fall into a shaft and drop 1 floor!
  2425 | D:3      | Noticed an ice beast
  2425 | D:3      | Noticed a scorpion
  2672 | D:3      | Identified the +6 war axe of the Burning Scorpion {speed,
                  | rC+ rN+}
  2842 | D:3      | Gained mutation: You have sharp fingernails. [demonic
                  | ancestry]
  2842 | D:3      | Reached XP level 4. HP: 35/35 MP: 4/4
  3796 | D:4      | Reached skill level 1 in Translocations
  3832 | D:4      | Gained mutation: You have very sharp fingernails. [demonic
                  | ancestry]
  3832 | D:4      | Reached XP level 5. HP: 22/41 MP: 5/5
  4097 | D:4      | Found a shadowy altar of Dithmenos.
  4169 | D:4      | Identified the +3 robe "Roebik" {Will- Dex+4 SInv}
  4261 | D:4      | Found a stormy altar of Qazlal.
  4422 | D:5      | Entered Level 5 of the Dungeon
  4422 | D:5      | Noticed a water moccasin
  4424 | D:5      | Killed a water moccasin
  4425 | D:5      | Gained mutation: You have claws for hands. [demonic
                  | ancestry]
  4425 | D:5      | Reached XP level 6. HP: 47/48 MP: 6/6
  4518 | D:5      | Noticed a water moccasin
  4526 | D:5      | Killed a water moccasin
  4882 | D:5      | Gained mutation: A weak demonic guardian rushes to your
                  | aid. [demonic ancestry]
  4882 | D:5      | Reached XP level 7. HP: 50/54 MP: 7/7
  4912 | D:5      | Found a bloodstained altar of Trog.
  5428 | D:5      | Noticed a yak
  5433 | D:5      | Noticed a hornet
  5439 | D:5      | Killed a yak
  5447 | D:5      | Killed a hornet
  5448 | D:5      | Reached skill level 5 in Long Blades
  5448 | D:5      | Reached XP level 8. HP: 17/61 MP: 8/8
  5886 | D:5      | Reached skill level 5 in Throwing
  6430 | D:6      | Reached skill level 5 in Fighting
  6585 | D:6      | Noticed Edmund
  6602 | D:6      | Slain by Edmund

Illustrated notes

Levels and vault maps discovered:
D:1:      elethiomel_arrival_infinity_welcomes_careful_drivers, layout_basic,
          minmay_tetromino_i2
D:2:      layout_basic, chequers_serial_rivers_micro_d, nrook_mini_backslash,
          minmay_crystal_water, hangedman_glass_teeth, kennysheep_potato
D:3:      layout_basic, lightli_corner_chamber
D:4:      minmay_wonky_spiral, layout_cave_pools, lemuel_round_altar,
          nicolae_qazlal_scattered_showers, corexii_hall_statues_l
D:5:      layout_basic, nicolae_overflow_hidden_temple, grunt_decor_clamped,
          minmay_small_thing
D:6:      layout_loops_ring, mainiacjoe_overflow_small_starburst, uniq_edmund,
          uniq_crazy_yiuf_cottage, uniq_grinder

Skill      XL: |  1  2  3  4  5  6  7  8 |
---------------+-------------------------+-----
Long Blades    | 2 3 4 5 |  5.7
Throwing       | 1 2 3 4 5 |  5.4
Translocations | 1 2 4 |  4.0
Fighting       | 4 5 |  5.1
Armour         | |  2.6
Shields        | |  2.6

Action                   |  1- 3 |  4- 6 |  7- 9 || total
-------------------------+-------+-------+-------++-------
Melee: Long sword        |   116 |       |       ||   116
       War axe           |     4 |    77 |    84 ||   165
Throw: Stone             |     3 |     6 |    18 ||    27
       Boomerang         |       |       |     5 ||     5
  Use: Scroll            |     3 |     4 |     3 ||    10
       Potion            |       |     1 |     6 ||     7
Armor: Scale mail        |    63 |    20 |    25 ||   108
Dodge: Dodged            |    44 |    21 |    25 ||    90
Block: Buckler           |    30 |     9 |    22 ||    61
